Unix NetHack Version 5.0.0-0 post-release - last build May 10 2026 23:12:36 (d1fa5d53e341ca933230fdaa984d921c805b60aa,branch:main).

Game began 2026-05-14 15:07:01, ended 2026-05-14 15:48:44.

2459832143, chaotic female human Barbarian

                                                           --.-
                                                           |...
                                                           |.@..----
                                                            -Gh..*.|
                                                            |..e...|
                                                            --..<.--
                                                             --..--
                                                             --.--
                                                             |.!|
                                                             |.--
                                                             --

2459832143 the Bandit      St:18/01 Dx:16 Co:18 In:7 Wi:8 Ch:9  Chaotic
Dlvl:5  $:31 HP:0(70) Pw:16(16) AC:3  Xp:6 T:2514 

Latest messages:
 You are hit by an aklys.
 The gnome lord throws an aklys!
 An aklys misses you.
 The gnome lord throws an aklys!
 You are hit by an aklys.
 The gnome lord swings his aklys.
 The gnome lord hits!
 You smite the gnome lord!
 The gnome lord swings his aklys.
 The gnome lord misses!
 You smite the gnome lord!
 The gnome lord turns to flee.
 The gnome lord reads a scroll labeled VAS CORP BET MANI!
 A floating eye suddenly appears close by!
 You kill the gnome lord!
 You smite the floating eye!
 The floating eye turns to flee.
 You are frozen by the floating eye's gaze!
 The gnome throws a dart!
 You are hit by a dart.
 The gnome picks up an aklys.
 The gnome wields an aklys!
 The gnome secures the tether on the aklys.
 The gnome swings his aklys.
 The gnome hits!
 The gnome swings his aklys.
 The gnome hits!
 The gnome swings his aklys.
 The gnome misses!
 The gnome swings his aklys.
 The gnome hits!
 The gnome swings his aklys.
 The gnome hits!
 The gnome swings his aklys.
 The gnome hits!
 The dwarf throws a dwarvish spear!
 The dwarvish spear hits the gnome.
 The dwarf wields a dwarvish short sword!
 The gnome swings his aklys.
 The gnome hits!
 The dwarf thrusts his dwarvish short sword.
 The dwarf hits!
 The gnome swings his aklys.
 The gnome hits!
 You die...
 Do you want your possessions identified? [ynq] (y) y
 Do you want to see your attributes? [ynq] (y) y
 Do you want an account of creatures vanquished? [ynaq] (y) y
 Do you want to see your conduct and achievements? [ynq] (y) y
 Do you want to see the dungeon overview? [ynq] (y) y

Inventory:
 Coins    ('$')
  $ - 31 gold pieces
 Weapons  (')')
  n - a +0 sling
  l - a cursed -1 knife
  j - a +0 aklys
  b - a blessed +0 axe (alternate weapon; not wielded)
  a - a +0 two-handed sword (weapon in hands)
 Armor    ('[')
  h - an uncursed +0 pair of iron shoes (being worn)
  i - an uncursed fireproof +0 dwarvish cloak (being worn)
  o - an uncursed +0 elven mithril-coat (being worn)
  c - an uncursed +0 ring mail
 Comestibles  ('%')
  k - an uncursed slime mold
  r - a cursed food ration
 Potions  ('!')
  q - an uncursed potion of booze
  g - a cursed potion of fruit juice
  p - an uncursed potion of full healing
  f - an uncursed potion of gain ability
  m - a cursed potion of healing
 Tools    ('(')
  t - an empty cursed sack
  s - a +0 pick-axe

2459832143 the Barbarian's attributes:

Background:
 You were a Bandit, a level 6 female human Barbarian.
 You were chaotic, nominally on a mission for Set
 who was opposed by Mitra (lawful) and Crom (neutral).
 You were right-handed.
 You were in the Gnomish Mines, on level 5.
 You entered the dungeon 2514 turns ago.
 You had 397 experience points, 243 more were needed to attain level 7.

Basics:
 You had 0 out of 70 hit points.
 You had all 16 energy points (spell power).
 Your armor class was 3.
 Your wallet contained 31 zorkmids.
 Autopickup was off.

Final Characteristics:
 Your strength was 18/01 (limit:18/100).
 Your dexterity was 16 (limit:18).
 Your constitution was 18 (limit:18).
 Your intelligence was 7 (limit:18).
 Your wisdom was 8 (limit:18).
 Your charisma was 9 (limit:18).

Final Status:
 You weren't hungry.
 You were unencumbered.
 You were wielding a two-handed sword.
 You had basic skill with two-handed sword.

Final Attributes:
 You were piously aligned.
 Your items were somewhat protected from fire.
 Your items were somewhat protected from cold.
 You were poison resistant.
 You were guarded.
 You are dead.

Miscellaneous:
 You didn't encounter any bones levels.
 Total elapsed playing time was 41 minutes and 39 seconds.

Major events:
 Turn
    1: 2459832143 the chaotic female human Barbarian entered the dungeon
 1195: attained the rank of Pillager (level 3)
 1230: entered the Gnomish Mines
 2153: attained the rank of Bandit (level 6)
 2514: killed by a gnome, while frozen by a floating eye's gaze

You didn't know any spells.

Skills:
 Fighting Skills
   bare handed combat [Basic]
   two weapon combat  [Unskilled]
   riding             [Unskilled]
 Weapon Skills
   dagger             [Unskilled]
   axe                [Basic]
   pick-axe           [Unskilled]
   short sword        [Unskilled]
   broadsword         [Unskilled]
   long sword         [Unskilled]
   two-handed sword   [Basic]
   saber              [Unskilled]
   club               [Unskilled]
   mace               [Unskilled]
   morning star       [Unskilled]
   flail              [Unskilled]
   hammer             [Unskilled]
   quarterstaff       [Unskilled]
   spear              [Unskilled]
   trident            [Unskilled]
   bow                [Unskilled]
 Spellcasting Skills
   attack spells      [Unskilled]
   escape spells      [Unskilled]

Voluntary challenges:
 Character rerolling was not enabled.
 You were an atheist.
 You were illiterate.
 You never genocided any monsters.
 You never polymorphed an object.
 You never changed form.
 You used no wishes.
Achievements:
 You attained the rank of Pillager.
 You entered the Gnomish Mines.
 You attained the rank of Bandit.

 The Dungeons of Doom: levels 1 to 3
    Level 1:
       Many altars.
    Level 2:
       A fountain.
       Stairs down to The Gnomish Mines.
    Level 3:
 The Gnomish Mines: levels 3 to 5
    Level 3:
    Level 4:
    Level 5: <- You were here.
       Final resting place for
          you, killed by a gnome, while frozen by a floating eye's gaze.


Vanquished creatures:
  a dwarf leader
  a yellow light
  3 gnome leaders
  a gnomish wizard
  a kobold mummy
  a gray ooze
  a paper golem
  4 dwarves
  a centipede
  2 orc zombies
  a dwarf zombie
 an acid blob
  a gas spore
  a hobbit
  2 manes
  2 giant rats
 18 gnomes
  2 gnome zombies
  2 geckos
  2 grid bugs
  3 lichens
  a kobold zombie
  4 newts
56 creatures vanquished.

No species were genocided or became extinct.

Game over:
                       ----------
                      /          \
                     /    REST    \
                    /      IN      \
                   /     PEACE      \
                  /                  \
                  |    2459832143    |
                  |      31 Au       |
                  |   killed by a    |
                  |      gnome       |
                  |                  |
                  |                  |
                  |       2026       |
                 *|     *  *  *      | *
        _________)/\\_//(\/(/\)/\//\/|_)_______

Goodbye 2459832143 the Barbarian...

You died in The Gnomish Mines on dungeon level 5 with 1816 points,
and 31 pieces of gold, after 2514 moves.
You were level 6 with a maximum of 70 hit points when you died.

